 Dungeon Crawl Stone Soup version 0.20-a0-350-ga83eecc (webtiles) character file.

271245 kuniqs the Gargoyle Cataclysm (level 20, -27/152 HPs)
             Began as a Gargoyle Fighter on Dec 23, 2016.
             Was a High Priest of Qazlal.
             Killed from afar by a halazid warlock (64 damage)
             ... with a bolt of cold
             ... in the Desolation of Salt on Dec 24, 2016.
             The game lasted 01:37:49 (28285 turns).

kuniqs the Gargoyle Cataclysm (Gargoyle Fighter)   Turns: 28285, Time: 01:37:50

Health: -27/152    AC: 52    Str: 27    XL:     20   Next: 23%
Magic:  16/33      EV:  9    Int: 11    God:    Qazlal [*****.]
Gold:   910        SH: 21    Dex: 16    Spells: 14/19 levels left

rFire  . . .     SeeInvis +     h - +9 broad axe (freeze)
rCold  + . .     Gourm    .     g - +11 chain mail of Going Fast {rN+ Regen+ SInv Stlth+}
rNeg   + + .     Faith    .     a - +0 shield {reflect}
rPois  ∞         Spirit   .     s - +2 helmet
rElec  +         Reflect  +     y - +2 cloak
rCorr  .         Harm     .     L - +2 pair of gloves
MR     +....                    B - +0 pair of boots {run}
Stlth  ..........               K - amulet of regeneration
                                E - ring "Hiadeg" {*Drain Dex+7 Slay+6 Stlth+}
                                c - +3 ring of slaying

@: protected from cold, flying, very slightly contaminated, hasted and slowed,
studying Dodging, repel missiles, quick
A: big wings, yellow scales 1, negative energy resistance 1, robust 2,
electricity resistance, unbreathing, petrification resistance, rot immunity, AC
+15
}: 2/15 runes: decaying, gossamer
a: Stop Flying, Upheaval, Elemental Force, Disaster Area, Renounce Religion


You were in the Desolation of Salt.
You worshipped Qazlal.
Qazlal was extremely pleased with you.
You were not hungry.

You visited 7 branches of the dungeon, and saw 33 of its levels.
You also visited: Ice Cave, Volcano, Wizlab and Desolation.

You collected 2937 gold pieces.
You spent 2027 gold pieces at shops.

Inventory:

Hand Weapons
 h - a +9 broad axe of freezing (weapon)
 X - the +9 staff of Olgreb {rPois}
   (You found it on level 10 of the Dungeon)

   It protects you from poison.
Missiles
 P - a throwing net (quivered)
Armour
 a - a +0 shield of reflection (worn)
 g - the +11 chain mail of Going Fast (worn) {rN+ Regen+ SInv Stlth+}
   (You found it on level 4 of the Dungeon)

   It protects you from negative energy.
   It lets you see invisible.
   It increases your rate of regeneration.
   It makes you more stealthy.
 s - a +2 helmet (worn)
 y - a +2 cloak (worn)
 B - a +0 pair of boots of running (worn)
 L - a +2 pair of gloves (worn)
Jewellery
 c - a +3 ring of slaying (left hand)
 j - an uncursed ring of protection from magic
 E - a ring "Hiadeg" (right hand) {*Drain Dex+7 Slay+6 Stlth+}
   (You bought it in a shop on level 1 of the Orcish Mines)

   [ring of stealth]

   It affects your dexterity (+7).
   It affects your accuracy and damage with ranged weapons and melee attacks
   (+6).
   It causes draining when unequipped.
   It makes you more stealthy.
 K - an amulet of regeneration (around neck)
 V - an uncursed ring of protection from cold
Wands
 o - a wand of digging (18/24)
 D - a wand of disintegration (10/24)
 S - a wand of disintegration (4/24)
 Z - a wand of paralysis (6/24)
Scrolls
 b - 9 scrolls of recharging
 k - 7 scrolls of fog
 r - 11 scrolls of teleportation
 v - a scroll of silence
 w - 2 scrolls of identify {@r1}
 C - a scroll of enchant weapon
 F - 4 scrolls of fear
 H - 3 scrolls of enchant armour
 M - 2 scrolls of immolation
 N - a scroll of holy word
 O - 2 scrolls of magic mapping
 R - 2 scrolls of brand weapon
 T - 10 scrolls of remove curse {@r2}
Potions
 i - 2 potions of haste
 n - 2 potions of magic
 p - 9 potions of agility
 z - 8 potions of curing {@q1}
 A - 7 potions of might
 G - 2 potions of invisibility
 I - 2 potions of cure mutation
 J - 5 potions of berserk rage
 Q - 6 potions of cancellation
Books
 q - a manual of Dodging
Miscellaneous
 W - a lamp of fire
Comestibles
 d - 25 bread rations
 e - 7 meat rations
 f - 19 fruits
 m - 11 beef jerkies
 x - a slice of pizza


   Skills:
 - Level 14.0 Fighting
 + Level 16.5 Axes
 - Level 11.0 Armour
 - Level 15.1 Shields
 + Level 18.5 Invocations
 - Level 10.0 Evocations


You had 14 spell levels left.
You knew the following spells:

 Your Spells              Type           Power        Failure   Level  Hunger
a - Regeneration          Chrm/Necr      #.........   100%        3    ####...
b - Animate Skeleton      Necr           N/A          97%         1    ##.....
c - Apportation           Tloc           #.........   97%         1    ##.....


Dungeon Overview and Level Annotations

Branches:
Dungeon (15/15)            Temple (1/1) D:6            Lair (6/6) D:11
  Swamp (4/4) Lair:2       Spider (4/4) Lair:4        Slime (0/5) Lair:6
    Orc (2/2) D:10            Elf (0/3) Orc:2        Vaults (1/5) D:14
 Depths: D:15

Altars:
Ashenzari
Cheibriados
Fedhas
Gozag
Kikubaaqudgha
Nemelex Xobeh
Qazlal
Sif Muna
Xom
Beogh

Shops:
Orc:1 ==(   Orc:2 [(*:

Annotations:
D:10 1 runed door


Innate Abilities, Weirdness & Mutations

You are resistant to torment.
Your stone body is resilient. (AC +15)
You are immune to poison.
Your large and strong wings let you fly indefinitely.
You resist negative energy. (rN+)
You are resistant to electric shocks. (rElec)
You can survive without breathing.
You are immune to petrification.
You are immune to rotting.
You are partially covered in yellow scales. (AC +2)
You are very robust. (+20% HP)


Message History

You miss the servant of whispers. You slice the saltling!!
You freeze the saltling!
You destroy the saltling!
You slice the ragged hierophant!! You freeze the ragged hierophant!
You slash the saltling! You freeze the saltling.
You hear a roar! x2; You hear a shout!
The air resumes its normal movements.
The saltling dissolves into shadows!
The saltling closely misses you.
You hear a shout!
The ragged hierophant casts a spell at you.
A blast of power from the earth and the adjacent constructs strikes you!
You block the guardian serpent's attack.
You block the crystal guardian's attack.
The saltling barely misses you.
The saltling hits you but does no damage.
The halazid warlock points at you and mumbles some strange words.
The bolt of cold hits you!
Your resistance to electricity fades away.
You feel protected from cold.
You die...

....≈≈
.≈.≈†≈
....≈≈
....≈.
########
..≈..≈
#|:...)#
.≈≈...
##..8...##
.≈...8
#).S88.."#
.≈.≈.8
#:§.@L8."#
......
##.p88..##
...#p.
#p.88..#
.....#
###..###
.p....
#..#
......
#..#
......
.§.. §§...
.....


You could see a ragged hierophant, a servant of whispers, a halazid warlock, a
crystal guardian, a guardian serpent and 7 saltlings.

Vanquished Creatures
  Kirke (Swamp:2)
  A thorn hunter (Swamp:4)
  Donald (Spider:1)
  An orc warlord (Orc:1)
  An imperial myrmidon (Vaults:1)
  4 ghost moths (Spider:4)
  The ghost of RandomWanderer the Fighter, an adept VSWn of Ashenzari (Spider:1)
  8 emperor scorpions
  2 stone giants
  5 entropy weavers
  A very ugly thing (Swamp:4)
  A deep elf annihilator (Vaults:1)
  A spark wasp (Spider:2)
  A red draconian (Volcano)
  An orange crystal statue (WizLab)
  The ghost of Yermak the Slicer, a journeyman VSWn of Xom (Lair:4)
  3 fire dragons (Swamp:4)
  3 ragged hierophants (Desolation)
  Josephine (D:11)
  An ice dragon (Vaults:1)
  18 hydras
  Erolcha (D:13)
  A peacekeeper (Desolation)
  4 servants of whispers
  The ghost of nht the Grappler, a journeyman DrTm of Okawaru (D:10)
  3 catoblepae (Lair:6)
  A ghost crab (Swamp:2)
  11 two-headed ogres
  5 alligators
  15 death yaks
  A tengu warrior (D:15)
  An ogre mage (Volcano)
  6 orc high priests
  4 spriggans
  A fire crab (Swamp:4)
  4 skeletal warriors
  3 shambling mangroves (Swamp:2)
  15 swamp dragons
  An unseen horror (D:10)
  2 lindwurms (Swamp:4)
  2 spriggan druids
  2 deep elf archers
  An ironbrand convoker (Vaults:1)
  9 orc knights
  A wolf spider zombie (D:14)
  5 deep elf magi
  A wizard (Vaults:1)
  A necromancer (IceCv)
  24 orb spiders
  A cyclops (Vaults:1)
  28 wolf spiders
  5 manticores
  16 ugly things
  8 orc sorcerers
  2 moths of wrath
  A salamander (Swamp:4)
  2 naga magi (D:15)
  3 ice statues (IceCv)
  4 guardian serpents (Desolation)
  5 black mambas
  2 molten gargoyles (Volcano)
  A torpor snail (Lair:6)
  4 gargoyles
  2 rime drakes (Lair:3)
  20 spiny frogs
  5 yaktaurs
  A kobold demonologist (D:13)
  6 demonic crawlers
  A tengu conjurer (D:12)
  6 komodo dragons
  9 ice devils (IceCv)
  5 trolls
  38 jumping spiders
  5 tyrant leeches
  32 saltlings
  10 hornets
  15 blink frogs
  27 slime creatures
  5 dream sheep (Lair:6)
  10 hippogriffs
  4 bog bodies
  Sigmund (D:4)
  76 redbacks
  8 wraiths
  25 tarantellas
  3 hogs (Swamp:2)
  A vampire (D:10)
  5 shadows
  A fire bat (Volcano)
  2 hungry ghosts
  41 yaks
  5 steam dragons
  7 wargs
  16 vampire mosquitoes
  2 basilisks
  16 swamp worms
  6 soldier ants (D:10)
  16 water moccasins
  5 porcupines
  Duvessa (D:7)
  2 hell hounds (D:11)
  17 swamp drakes
  44 orc warriors
  2 ice beasts
  3 sky beasts
  A black bear (D:9)
  A phantom (D:8)
  An eye of draining (D:13)
  A necrophage (D:7)
  2 centaurs (D:7)
  9 ogres
  9 crocodiles
  3 big kobolds
  11 bullfrogs
  2 scorpions
  Dowan (D:7)
  7 killer bees (D:10)
  3 wights (D:6)
  4 electric eels
  8 howler monkeys
  4 lava snakes (Volcano)
  6 crimson imps
  4 bullfrog zombies
  2 quasits
  A draconian simulacrum (IceCv)
  16 orc priests
  Crazy Yiuf (D:6)
  3 jellies
  23 orc wizards
  10 centaur skeletons
  3 hounds
  3 iguanas
  3 troll simulacra (IceCv)
  12 worker ants
  A spriggan simulacrum (IceCv)
  A hound skeleton (D:4)
  2 worker ant zombies
  4 naga simulacra (IceCv)
  An ogre simulacrum (IceCv)
  13 adders
  2 shadow imps
  5 oozes
  An adder zombie (D:9)
  4 adder skeletons
  4 worms
  2 dart slugs
  3 leopard geckos
  84 orcs
  2 ball pythons (D:3)
  6 giant cockroaches
  10 hobgoblins
  10 jackals
  7 quokkas
  2 ball python skeletons
  4 bats
  3 frilled lizards (D:1)
  7 goblins
  14 kobolds
  A quokka skeleton (D:5)
  7 rats
  3 bushes (Lair:5)
  8 fungi
  5 plants
1141 creatures vanquished.

Vanquished Creatures (collateral kills)
  An ogre (Orc:1)
  An orc (Orc:1)
2 creatures vanquished.

Vanquished Creatures (others)
  Nessos (D:12)
  A two-headed ogre (Volcano)
  An ironbrand convoker (Vaults:1)
  A cyclops (D:11)
  A yaktaur (D:14)
  A tarantella (Spider:4)
  A redback (Spider:2)
  3 centaurs
  3 orcs
  9 fungi
  8 plants
30 creatures vanquished.

Grand Total: 1173 creatures vanquished

Notes
Turn   | Place    | Note
-------+----------+-------------------------------------------
     0 | D:1      | kuniqs the Gargoyle Fighter began the quest for the Orb.
     0 | D:1      | Reached XP level 1. HP: 14/14 MP: 1/1
   198 | D:1      | Reached XP level 2. HP: 19/19 MP: 2/2
   717 | D:1      | Reached XP level 3. HP: 21/23 MP: 3/3
  1143 | D:2      | Reached XP level 4. HP: 27/29 MP: 4/4
  1624 | D:2      | You fall through a shaft for 2 floors!
  2087 | D:3      | Reached XP level 5. HP: 31/34 MP: 5/5
  2319 | D:4      | Got a warped hand axe
  2320 | D:4      | Identified the +6 hand axe of Gemn {antimagic, Str+6 Dex-5} (You found it on level 4 of the Dungeon)
  2367 | D:4      | Noticed Sigmund
  2369 | D:4      | Gained mutation: You are robust. (+10% HP) [potion of beneficial mutation]
  2397 | D:4      | Killed Sigmund
  2397 | D:4      | Reached XP level 6. HP: 14/44 MP: 2/6
  2621 | D:4      | Got a dazzling chain mail
  2656 | D:4      | Reached skill level 5 in Fighting
  2656 | D:4      | Reached skill level 5 in Shields
  2887 | D:4      | Reached XP level 7. HP: 47/48 MP: 2/7
  2898 | D:5      | Entered Level 5 of the Dungeon
  3090 | D:3      | Reached skill level 5 in Armour
  3134 | D:3      | Identified the +11 chain mail of Going Fast {rN+ Regen+ SInv Stlth+} (You found it on level 4 of the Dungeon)
  3135 | D:3      | GOTTA GO FAST
  4166 | D:5      | Found a shimmering altar of Xom.
  4480 | D:6      | Reached XP level 8. HP: 50/56 MP: 2/8
  4792 | D:6      | Found a staircase to the Ecumenical Temple.
  4801 | Temple   | Entered the Ecumenical Temple
  4806 | Temple   | Became a worshipper of Qazlal Stormbringer
  5065 | D:6      | Found a runed door.
  5069 | D:6      | Noticed Crazy Yiuf
  5115 | D:6      | Killed Crazy Yiuf
  5185 | D:7      | Noticed a hippogriff
  5202 | D:7      | Killed a hippogriff
  5202 | D:7      | Reached skill level 1 in Invocations
  5213 | D:7      | Reached skill level 5 in Axes
  5310 | D:7      | Reached skill level 2 in Invocations
  5368 | D:7      | Noticed Duvessa
  5369 | D:7      | Noticed Dowan
  5385 | D:7      | Killed Dowan
  5385 | D:7      | Reached XP level 9. HP: 60/61 MP: 3/10
  5390 | D:7      | Killed Duvessa
  5470 | D:7      | Reached skill level 3 in Invocations
  6181 | D:8      | Reached * piety under Qazlal
  6415 | D:8      | Reached skill level 4 in Invocations
  6586 | D:9      | Noticed a two-headed ogre
  6603 | D:9      | Killed a two-headed ogre
  6603 | D:9      | Reached skill level 5 in Invocations
  6603 | D:9      | Reached XP level 10. HP: 54/70 MP: 4/13
  6826 | D:10     | Entered Level 10 of the Dungeon
  7158 | D:9      | Reached ** piety under Qazlal
  7322 | D:9      | Noticed a two-headed ogre
  7332 | D:9      | Killed a two-headed ogre
  7386 | D:9      | Noticed a two-headed ogre
  7396 | D:9      | Killed a two-headed ogre
  7396 | D:9      | Reached skill level 6 in Invocations
  7452 | D:9      | Noticed a skeletal warrior
  7462 | D:9      | Noticed a skeletal warrior
  7463 | D:9      | Noticed a skeletal warrior
  7551 | D:10     | Noticed nht's ghost (journeyman DrTm)
  7571 | D:10     | Killed nht's ghost
  7571 | D:10     | Reached XP level 11. HP: 64/78 MP: 1/15
  7794 | D:10     | Found a runed door.
  7799 | D:10     | Found a runed gate.
  7800 | D:10     | Found a runed door.
  7810 | D:10     | Found a runed gate.
  7810 | D:10     | Found a runed gate.
  7871 | D:10     | Reached skill level 7 in Invocations
  7981 | D:10     | Found a staircase to the Orcish Mines.
  8039 | D:10     | Learned a level 3 spell: Regeneration
  8041 | D:10     | Learned a level 1 spell: Animate Skeleton
  8417 | D:10     | Noticed an unseen horror
  8442 | D:10     | Killed an unseen horror
  8446 | D:10     | Identified Sufuor's Papyrus of the Frostbite and the Mountains
  8577 | D:10     | Reached *** piety under Qazlal
  8873 | D:11     | Reached skill level 10 in Fighting
  8873 | D:11     | Reached skill level 10 in Armour
  8888 | D:11     | Found a staircase to the Lair.
  8926 | Lair:1   | Entered Level 1 of the Lair of Beasts
  8927 | Lair:1   | TIER 1
  8950 | Lair:1   | Found a dark tunnel.
  8956 | Volcano  | Entered a volcano
  9000 | Volcano  | Noticed a two-headed ogre
  9001 | Volcano  | Noticed a two-headed ogre
  9001 | Volcano  | Noticed an ogre mage
  9001 | Volcano  | Noticed a two-headed ogre
  9016 | Volcano  | Reached skill level 10 in Shields
  9042 | Volcano  | Killed a two-headed ogre
  9042 | Volcano  | Reached skill level 8 in Invocations
  9042 | Volcano  | Reached XP level 12. HP: 35/84 MP: 6/18
  9059 | Volcano  | Killed a two-headed ogre
  9064 | Volcano  | Killed an ogre mage
  9087 | Volcano  | Killed a two-headed ogre
  9201 | Volcano  | Found a burning altar of Makhleb.
  9205 | Volcano  | Noticed a red draconian
  9208 | Volcano  | Noticed a two-headed ogre
  9218 | Volcano  | Killed a red draconian
  9225 | Volcano  | Killed a two-headed ogre
  9481 | D:11     | Noticed Josephine
  9481 | D:11     | Noticed a two-headed ogre
  9500 | D:11     | Killed Josephine
  9518 | D:11     | Killed a two-headed ogre
  9730 | D:11     | Reached skill level 9 in Invocations
 10109 | D:12     | Reached **** piety under Qazlal
 10494 | D:12     | Found an opulent altar of Gozag.
 10512 | D:12     | Noticed a two-headed ogre
 10528 | D:12     | Killed a two-headed ogre
 10657 | D:12     | Noticed Nessos
 10663 | D:12     | Killed Nessos
 10663 | D:12     | Reached XP level 13. HP: 91/92 MP: 6/20
 10895 | D:15     | Entered Level 15 of the Dungeon
 11016 | D:14     | Reached skill level 10 in Invocations
 11644 | D:13     | Gained mutation: You are partially covered in yellow scales. (AC +2) [potion of beneficial mutation]
 11884 | D:13     | Noticed Erolcha
 11897 | D:13     | Killed Erolcha
 11914 | D:13     | Reached skill level 10 in Axes
 12405 | D:14     | Reached ***** piety under Qazlal
 12427 | D:14     | Found a gate to the Vaults.
 12493 | D:14     | Reached skill level 11 in Invocations
 12906 | D:14     | Gained mutation: Your large and strong wings let you fly indefinitely. [Gargoyle growth]
 12906 | D:14     | Reached XP level 14. HP: 101/101 MP: 7/22
 13715 | Orc:1    | Entered Level 1 of the Orcish Mines
 13755 | Orc:1    | Noticed a stone giant
 13887 | D:10     | Killed a stone giant
 13963 | Orc:2    | Entered Level 2 of the Orcish Mines
 13963 | Orc:2    | Found a roughly hewn altar of Beogh.
 13980 | Orc:2    | Noticed an orc warlord
 13997 | Orc:1    | Found Baanat's Jewellery Emporium.
 14047 | Orc:1    | Found Ulotweme's Jewellery Shop.
 14212 | Orc:1    | Killed an orc warlord
 14423 | Orc:2    | Reached skill level 12 in Invocations
 14823 | Orc:2    | Found Ciwofin's Antique Weapon Emporium.
 14976 | Orc:2    | Paralysed by an orc sorcerer for 4 turns
 15040 | Orc:2    | Found Nenoox's General Store.
 15044 | Orc:2    | Found a staircase to the Elven Halls.
 15133 | Orc:1    | Found Milunarr's Antique Weapon Shoppe.
 15136 | Orc:1    | Noticed a stone giant
 15144 | Orc:1    | Paralysed by an orc sorcerer for 4 turns
 15162 | Orc:1    | Reached XP level 15. HP: 53/110 MP: 2/24
 15167 | Orc:2    | Found Iqiemext's Antique Armour Shop.
 15468 | Orc:1    | Found a roughly hewn altar of Beogh.
 15577 | Orc:2    | Found Qieryoc's Book Shop.
 15824 | Orc:2    | Bought a shiny helmet for 283 gold pieces
 15824 | Orc:2    | Bought a shimmering plate armour for 756 gold pieces
 15824 | Orc:2    | Bought a pair of glowing boots for 283 gold pieces
 15835 | Orc:2    | Identified the cursed +0 plate armour of Words of Power {rElec rPois rF- Dex+4} (You bought it in a shop on level 2 of the Orcish Mines)
 15881 | Orc:2    | Identified a +0 pair of boots of running (You bought it in a shop on level 2 of the Orcish Mines)
 16668 | Lair:2   | Learned a level 1 spell: Apportation
 17071 | Lair:2   | Found a staircase to the Swamp.
 17743 | Lair:3   | Reached skill level 13 in Invocations
 17760 | Lair:4   | Noticed Yermak's ghost (journeyman VSWn)
 17777 | Lair:4   | Killed Yermak's ghost
 17788 | Lair:4   | Found a frozen archway.
 17799 | IceCv    | Entered an ice cave
 18549 | Lair:4   | Reached ****** piety under Qazlal
 19127 | Lair:4   | Found a hole to the Spider Nest.
 19822 | Lair:6   | Entered Level 6 of the Lair of Beasts
 19906 | Lair:6   | Reached XP level 16. HP: 91/116 MP: 26/26
 19934 | Lair:6   | Found a staircase to the Slime Pits.
 20983 | Lair:6   | Reached skill level 14 in Invocations
 21001 | Lair:6   | Reached skill level 15 in Shields
 21730 | Orc:1    | Bought a ring "Hiadeg" {*Drain Dex+7 Slay+6 Stlth+} for 705 gold pieces
 21853 | Swamp:1  | Entered Level 1 of the Swamp
 21949 | Swamp:1  | Reached skill level 1 in Evocations
 22776 | Swamp:2  | Reached skill level 15 in Invocations
 22876 | Swamp:4  | Entered Level 4 of the Swamp
 23049 | Swamp:4  | Reached XP level 17. HP: 122/122 MP: 28/28
 23065 | Swamp:4  | Reached skill level 5 in Evocations
 23403 | Swamp:2  | Noticed Kirke
 23414 | Swamp:2  | Killed Kirke
 24100 | Swamp:4  | Got a decaying rune of Zot
 24101 | Swamp:4  | TIER 2
 24387 | Swamp:4  | Paralysed by a Zot trap for 5 turns
 24966 | Spider:1 | Entered Level 1 of the Spider Nest
 25022 | Spider:2 | Reached skill level 16 in Invocations
 25225 | Spider:1 | Noticed RandomWanderer's ghost (adept VSWn)
 25270 | Spider:1 | Killed RandomWanderer's ghost
 25455 | Spider:1 | Noticed Donald
 25467 | Spider:1 | Killed Donald
 26082 | Spider:3 | Reached XP level 18. HP: 127/127 MP: 30/30
 26088 | Spider:3 | Reached skill level 15 in Axes
 26602 | Spider:3 | Identified the +2 chain mail of the Untouchables {rCorr Str+6 Int-4} (You found it on level 3 of the Spider Nest)
 26607 | Spider:4 | Entered Level 4 of the Spider Nest
 26625 | Spider:4 | Reached skill level 17 in Invocations
 27487 | Spider:4 | Reached skill level 10 in Evocations
 27500 | Spider:4 | Got a gossamer rune of Zot
 27850 | Vaults:1 | Entered Level 1 of the Vaults
 27903 | Vaults:1 | Found a magical portal.
 27928 | WizLab   | Entered Wucad Mu's Monastery
 28050 | WizLab   | Gained mutation: You are very robust. (+20% HP) [potion of beneficial mutation]
 28064 | WizLab   | Reached skill level 18 in Invocations
 28064 | WizLab   | Reached XP level 19. HP: 145/145 MP: 22/32
 28233 | Vaults:1 | Reached XP level 20. HP: 149/152 MP: 25/33
 28242 | Vaults:1 | Found a ruined gateway.
 28246 | Desolati | Entered the Desolation of Salt
 28285 | Desolati | Killed from afar by a halazid warlock

Vault maps used:
D:1:      dpeg_arrival_rooms_c, minmay_cupped
D:3:      kennysheep_nondescript, chequers_big_river
D:4:      uniq_sigmund
D:5:      first_bread, xom_teletrap_fun
D:6:      uniq_crazy_yiuf_cottage
D:7:      uniq_duvessa
D:9:      grunt_ogre_cave, nicolae_two_hexagons
D:10:     david_orc_1_choice, minmay_guarded_unrand_staff_of_olgreb
D:11:     minmay_lair_entry_lava, kennysheep_dice, uniq_josephine
D:12:     basic_altar, uniq_nessos
D:13:     uniq_erolcha
D:14:     lemuel_ice_spiral_2, hangedman_vaults_entry_quadrant_bands,
          minmay_crystal_water
D:15:     grunt_enter_depths_magical_seal, grunt_dithmenos_smoke_and_mirrors
Temple:   grunt_wide_crystal_templ
Lair:1:   nicolae_volcano_entry_hallway
Lair:2:   swamp_mist, st_stairs_11, grunt_megastairs_4, lemuel_fruit_tree,
          serial_bayou_shore_a
Lair:4:   spider_nest_entry_webs, portal_ice_cave_entry_pillars_1
Lair:5:   grunt_megastairs_3
Lair:6:   evilmike_catoblepas_cave, nicolae_slime_entry_slimehenge,
          serial_bayou, serial_bayou_ford_a, serial_bayou_pond_b,
          serial_bayou_pond_d, serial_bayou_lake_a, minivault_26,
          serial_bayou_shore_b, serial_bayou_shore_b
Swamp:1:  wheals_swamp_sinkhole, swamp_pool2, st_swamp_mini
Swamp:2:  hangedman_swamp_lotus, swamp_pool4, uniq_kirke
Swamp:3:  evilmike_swamp_ruin_rubble_1
Swamp:4:  swamp_fiery, swamp_pool1
Spider:1: uniq_donald
Spider:3: nicolae_orb_island
Spider:4: grunt_spider_rune_circles, spiders_nest_ghost_moth_duel
Orc:1:    serial_shops, shop, nicolae_shop_competitors_out_of_business,
          nicolae_shop_trees, mines2_david
Orc:2:    grunt_orc_gardens, grunt_orc_garden, grunt_orc_garden,
          grunt_orc_garden, grunt_orc_garden, mines2_david
Vaults:1: nicolae_vaults_c_with_doors, vaults_dpeg_encased_lava,
          vaults_mumra_chevron, v_misc_15, portal_desolation_entry_salt,
          lightli_enter_wizlab_magi_temple
IceCv:    ice_cave_tombish
Volcano:  volcano_lake
WizLab:   wizlab_wucad

Skill      XL: |  1  2  3  4  5  6  7  8  9 10 11 12 13 14 15 16 17 18 |
---------------+-------------------------------------------------------+-----
Axes           | 2 3 4 5 6 7 8 9 10 11 12 13 14 16 | 16.5
Fighting       | 4 5 6 8 9 10 11 12 13 14 | 14.0
Shields        | 4 5 6 7 8 10 11 12 13 14 15 | 15.1
Armour         | 4 5 6 8 9 10 11 | 11.0
Invocations    | 2 5 6 8 9 11 12 13 15 16 18 | 18.5
Evocations     | 4 7 10 | 10.0

Action                   |  1- 3 |  4- 6 |  7- 9 | 10-12 | 13-15 | 16-18 | 19-21 || total
-------------------------+-------+-------+-------+-------+-------+-------+-------++-------
Melee: War axe           |    12 |    16 |       |       |       |       |       ||    28
       Short sword       |    87 |    74 |       |   120 |       |       |       ||   281
       Hand axe          |       |    68 |   394 |   649 |  1009 |       |       ||  2120
       Mace              |       |       |       |       |    52 |    56 |       ||   108
       Broad axe         |       |       |       |       |   439 |   880 |    41 ||  1360
Invok: Upheaval          |       |       |       |     2 |     1 |     2 |       ||     5
       Disaster Area     |       |       |       |       |     2 |     5 |     4 ||    11
       Elemental Force   |       |       |       |       |     1 |     1 |       ||     2
 Abil: Fly               |       |       |       |       |     1 |       |       ||     1
Evoke: Wand              |       |       |     5 |    14 |     1 |     6 |       ||    26
       Staff of Olgreb   |       |       |       |       |     3 |     6 |       ||     9
       Lamp of fire      |       |       |       |       |       |     1 |       ||     1
  Use: Scroll            |     3 |     3 |    10 |    10 |    17 |    12 |     2 ||    57
       Potion            |       |     1 |     3 |     3 |     1 |     5 |     7 ||    20
 Stab: Distracted        |       |       |       |       |       |     1 |       ||     1
  Eat: Chunk             |     1 |     6 |    12 |    16 |    24 |    20 |       ||    79
       Meat ration       |       |       |       |     1 |     1 |     1 |       ||     3
       Pizza             |       |       |       |       |     1 |     1 |       ||     2
       Royal jelly       |       |       |       |       |     1 |       |       ||     1
       Beef jerky        |       |       |       |       |       |     1 |       ||     1
Armor: Scale mail        |     6 |       |       |       |       |       |       ||     6
       Ring mail         |    26 |    68 |       |       |       |       |       ||    94
       Robe              |       |     8 |    10 |     5 |       |       |       ||    23
       Chain mail        |       |       |   190 |   295 |   572 |   658 |    81 ||  1796
Dodge: Dodged            |    36 |    43 |    84 |   133 |   213 |   235 |    37 ||   781
       Deflected         |       |       |       |     3 |    16 |     4 |     1 ||    24
Block: Shield            |    36 |    82 |   214 |   565 |  1246 |  1091 |   100 ||  3334
       Reflection        |       |       |       |    22 |    44 |     1 |     2 ||    69
